 Dungeon Crawl Stone Soup version 0.27.0-1-g7a089689b8 (webtiles) character file.

Game seed: 13466592981457844068

1244 Descartes the Sneak (level 8, -2/36 HPs)
             Began as a Spriggan Venom Mage on Aug 16, 2021.
             Was an Initiate of Dithmenos.
             Slain by an unseen horror (11 damage)
             ... on level 6 of the Dungeon.
             The game lasted 00:24:24 (7816 turns).

Descartes the Sneak (Spriggan Venom Mage)           Turns: 7816, Time: 00:24:25

Health: -2/36      AC:  3    Str: 10    XL:     8   Next: 25%
Magic:  6/13       EV: 18    Int: 16    God:    Dithmenos [......]
Gold:   239        SH:  0    Dex: 16    Spells: 8/13 levels left

rFire    . . .     SeeInvis +   b - +2 hunting sling "Fucaczo" {flame, Will++ Str+4}
rCold    + + .     Faith    .   (shield restricted)
rNeg     . . .     Spirit   .   w - +1 robe "Zaasaje" {Rampage rElec rC+ rCorr}
rPois    .         Reflect  .   (helmet restricted)
rElec    +         Harm     .   (no cloak)
rCorr    +         Rampage  +   (gloves unavailable)
Will     +++..                  (boots unavailable)
Stlth    ++++......             (no amulet)
HPRegen  0.12/turn              u - ring of protection from cold
MPRegen  0.13/turn              t - ring of flight

@: flying, very quick
A: very small, no large weapons, unfitting armour, see invisible, speed 3
a: Renounce Religion


You were on level 6 of the Dungeon.
You worshipped Dithmenos.
Dithmenos was noncommittal.
You visited 2 branches of the dungeon, and saw 7 of its levels.

You collected 239 gold pieces.

Inventory:

Hand Weapons
 a - a +0 dagger
 b - the +2 hunting sling "Fucaczo" (weapon) {flame, Will++ Str+4}
   (You found it on level 4 of the Dungeon)

   Any ammunition fired from it burns those it strikes, dealing additional fire
   damage.
   Str:       It affects your strength (+4).
   Will:      It greatly increases your willpower.
Missiles
 d - 55 stones (quivered ammo)
 f - 11 sling bullets
 h - 16 poisoned darts
 l - a throwing net
 p - 93 arrows
 y - 18 bolts
Armour
 e - a +0 robe
 j - a +0 buckler
 w - the +1 robe "Zaasaje" (worn) {Rampage rElec rC+ rCorr}
   (You found it on level 4 of the Dungeon)

   rC:        It protects you from cold.
   rElec:     It insulates you from electricity.
   rCorr:     It protects you from acid and corrosion.
   Rampage:   It bestows one free step when moving towards enemies.
Magical Staves
 x - a staff of fire
Jewellery
 t - a ring of flight (right hand)
 u - a ring of protection from cold (left hand)
Scrolls
 c - a scroll of immolation {unknown}
 g - a scroll of teleportation {unknown}
 k - a scroll of enchant weapon {unknown}
 m - 2 scrolls of noise {unknown}
 n - a scroll of vulnerability {unknown}
 r - a scroll of fog
Potions
 i - 2 potions of resistance
 o - 2 potions of brilliance {unknown}
 q - 2 potions of curing
 v - a potion of cancellation {unknown}
 z - a potion of berserk rage {unknown}
 A - a potion of mutation {unknown}
 B - a potion of flight {unknown}
 C - a potion of might


   Skills:
 + Level 3.6 Slings
 - Level 3.3 Dodging
 + Level 7.8 Stealth
 * Level 4.6 Shields
 - Level 3.0 Spellcasting
 - Level 2.0 Transmutations
 + Level 5.5 Poison Magic


You had 8 spell levels left.
You knew the following spells:

 Your Spells              Type           Power      Damage    Failure   Level
a - Sting                 Tmut/Pois      56%        1d5       4%          1
b - Olgreb's Toxic Radia  Pois           20%        N/A       19%         4

Your spell library contained the following spells:

 Spells                   Type           Power      Damage    Failure   Level
 Poisonous Vapours        Pois/Air       22%        N/A       9%          2
 Mephitic Cloud           Conj/Pois/Air  8%         N/A       26%         3
 Slow                     Hex            2%         N/A       28%         2
 Confusing Touch          Hex            2%         N/A       50%         3
 Dazzling Flash           Conj/Hex       4%         N/A       50%         3
 Vampiric Draining        Necr           1%         2d6       50%         3
 Agony                    Necr           2%         N/A       99%         5
 Silence                  Hex/Air        1%         N/A       99%         5


Dungeon Overview and Level Annotations

Branches:
Dungeon (6/15)             Temple (1/1) D:4

Altars:
Ashenzari
Cheibriados
Dithmenos
Elyvilon
Fedhas
Gozag
Hepliaklqana
Nemelex Xobeh
Okawaru
Qazlal
Ru
Sif Muna
Trog
Vehumet
Wu Jian
Xom
Yredelemnul
Zin
The Shining One


Innate Abilities, Weirdness & Mutations

You are very small and have problems with some larger weapons.
You are too small for most types of armour.
You have supernaturally acute eyesight. (SInv)
You cover ground extremely quickly. (Speed+++)


Message History

The unseen horror is moderately wounded.
The unseen horror misses you.
You shoot a stone. The stone hits the unseen horror.
The stone burns the unseen horror.
The unseen horror is heavily wounded.
The unseen horror hits you but does no damage.
The unseen horror closely misses you. The unseen horror misses you.
You shoot a stone.
The stone barely misses the unseen horror.
The unseen horror barely misses you.
You shoot a stone. The stone hits the unseen horror.
The stone burns the unseen horror.
The unseen horror is severely wounded.
The unseen horror completely misses you.
The unseen horror hits you!
You are too injured to fight recklessly!
Unknown command.
You are too injured to fight recklessly!
Casting: Sting (safe; 4% risk of failure)
Confirm with . or Enter, or press ? or * to list all spells.
Aiming: Sting (safe; 4% risk of failure)
Press: ? - help, Shift-Dir - straight line, f/p - unseen horror
Aim: an unseen horror (severely wounded, slightly transparent, extremely poisoned, 71% to hit)
The sting hits the unseen horror but does no damage.
The unseen horror looks as sick as possible!
The unseen horror is severely wounded.
The unseen horror misses you.
Casting: Sting (safe; 4% risk of failure)
Confirm with . or Enter, or press ? or * to list all spells.
Aiming: Sting (safe; 4% risk of failure)
Press: ? - help, Shift-Dir - straight line, f/p - unseen horror
Aim: an unseen horror (severely wounded, slightly transparent, extremely poisoned, 71% to hit)
The sting misses the unseen horror.
The unseen horror hits you!
* * * LOW HITPOINT WARNING * * *
Unknown command.
You are too injured to fight recklessly!
The unseen horror hits you but does no damage.
The unseen horror closely misses you. The unseen horror hits you!
You die...

####....###
>........#
#........#
#........#
###########.......(#
)........(.(#(###...
...(........#...
...........(#...#
.......@x...#$..#
........##+##...#
####....# ...#
+....# .... #....#
###....# #....###
#....# #....#


You could see an unseen horror (invisible, extremely poisoned).

Vanquished Creatures
  A vampire (D:5)
  A water moccasin (D:5)
  A black bear (D:5)
  A necrophage (D:5)
  An ogre (D:4)
  A phantom (D:5)
  2 scorpions (D:5)
  A water moccasin skeleton (D:3)
  A howler monkey (D:5)
  5 hounds (D:5)
  A bullfrog skeleton (D:4)
  An iguana (D:5)
  Ijyb (D:3)
  9 adders
  5 gnolls
  A howler monkey skeleton (D:5)
  A white imp (D:5)
  An adder skeleton (D:4)
  2 worms
  3 dart slugs
  8 orcs
  4 ball pythons
  3 endoplasms
  3 giant cockroaches (D:4)
  5 goblins
  8 hobgoblins
  8 jackals
  4 kobolds
  4 quokkas
  4 bats
  4 frilled lizards
  4 rats
99 creatures vanquished.

Notes
Turn   | Place    | Note
-------+----------+-------------------------------------------
     0 | D:1      | Descartes the Spriggan Venom Mage began the quest for the
                  | Orb.
     0 | D:1      | Reached XP level 1. HP: 9/9 MP: 5/5
   229 | D:1      | Found a faded altar of an unknown god.
   254 | D:1      | Reached XP level 2. HP: 8/13 MP: 1/6
   408 | D:1      | Became a worshipper of Hepliaklqana the Forgotten
   408 | D:1      | Reached * piety under Hepliaklqana
   409 | D:1      | Fell from the grace of Hepliaklqana
  1324 | D:2      | Was forgiven by Hepliaklqana
  1615 | D:2      | Reached XP level 3. HP: 3/16 MP: 4/8
  2102 | D:2      | Reached skill level 4 in Stealth
  2732 | D:3      | Reached XP level 4. HP: 21/21 MP: 4/9
  2815 | D:3      | Reached skill level 1 in Shields
  3140 | D:3      | Noticed Ijyb
  3143 | D:3      | Paralysed by Ijyb for 2 turns
  3161 | D:3      | Paralysed by Ijyb for 3 turns
  3187 | D:3      | Killed Ijyb
  3384 | D:3      | Reached XP level 5. HP: 24/24 MP: 6/10
  3618 | D:3      | Reached skill level 5 in Stealth
  4139 | D:3      | Learned a level 4 spell: Olgreb's Toxic Radiance
  4284 | D:4      | Found a broken altar of Ashenzari.
  4284 | D:4      | Found an ornate altar of the Wu Jian Council.
  4374 | D:4      | Found a staircase to the Ecumenical Temple.
  4776 | D:4      | Identified the +1 robe "Zaasaje" {Rampage rElec rC+ rCorr}
  4804 | Temple   | Entered the Ecumenical Temple
  4900 | Temple   | Became a worshipper of Dithmenos the Shadowed
  4911 | D:4      | Identified the +2 hunting sling "Fucaczo" {flame, Will++
                  | Str+4}
  5040 | D:4      | Noticed an ogre
  5056 | D:4      | Killed an ogre
  5057 | D:4      | Reached XP level 6. HP: 28/28 MP: 7/11
  5764 | D:5      | Entered Level 5 of the Dungeon
  5822 | D:5      | Reached skill level 1 in Slings
  5822 | D:5      | Reached skill level 6 in Stealth
  5862 | D:5      | Found a snail-covered altar of Cheibriados.
  5871 | D:5      | Found a shimmering blue altar of Sif Muna.
  5921 | D:5      | Reached XP level 7. HP: 32/32 MP: 8/12
  6428 | D:5      | Reached skill level 5 in Poison Magic
  6583 | D:5      | Reached skill level 7 in Stealth
  6909 | D:5      | Reached XP level 8. HP: 29/36 MP: 13/13
  7794 | D:6      | Noticed an unseen horror
  7816 | D:6      | Slain by an unseen horror

Illustrated notes

Levels and vault maps discovered:
D:1:      ncdulo_lavacross, layout_loops_ring,
          hellmonk_ecumenical_altar_arch_garden
D:2:      layout_basic, minmay_tromino_v7
D:3:      layout_loops_ring, uniq_ijyb
D:4:      layout_basic, gammafunk_temple_overflow_wave,
          minmay_temple_entry_waves
D:5:      layout_basic, grunt_temple_overflow_open, kennysheep_small_square
D:6:      layout_gridville, serial_shops, shop, nicolae_diamond_shop
Temple:   regret_index_temple_waves

Skill      XL: |  1  2  3  4  5  6  7 |
---------------+----------------------+-----
Dodging        | 3 |  3.3
Spellcasting   | 3 |  3.0
Transmutations | 2 |  2.0
Stealth        | 4 5 6 7 |  7.8
Shields        | 1 2 3 4 |  4.6
Poison Magic   | 4 5 |  5.5
Slings         | 1 3 |  3.6

Action                   |  1- 3 |  4- 6 |  7- 9 || total
-------------------------+-------+-------+-------++-------
Melee: Dagger            |     1 |     5 |       ||     6
 Fire: Hunting sling     |       |    75 |   123 ||   198
Throw: Throwing net      |       |     1 |       ||     1
 Cast: Sting             |    76 |    91 |    38 ||   205
Invok: Renounce Religion |     1 |       |       ||     1
Evoke: Wand              |       |       |     1 ||     1
  Use: Scroll            |       |       |     3 ||     3
Armor: Robe              |     1 |     2 |     3 ||     6
Dodge: Dodged            |    11 |    26 |    29 ||    66
